 Dungeon Crawl Stone Soup version 0.20.1-1-g8b1a95d (webtiles) character file.

457 Irenicus the Cleaver (level 6, -1/55 HPs)
             Began as a Deep Dwarf Monk on Oct 27, 2017.
             Slain by Duvessa
             ... wielding a +0 short sword
              (13 damage)
             ... on level 4 of the Dungeon.
             The game lasted 00:10:11 (2402 turns).

Irenicus the Cleaver (Deep Dwarf Monk)              Turns: 2402, Time: 00:10:12

Health: -1/55      AC:  5    Str: 13    XL:     6   Next: 77%
Magic:  1/1        EV: 13    Int: 10    God:
Gold:   154        SH:  0    Dex: 17    Spells: 5/5 levels left

rFire    + . .     SeeInvis .   a - +2 hand axe
rCold    . . .     Gourm    .   (no shield)
rNeg     . . .     Faith    .   e - +0 leather armour
rPois    .         Spirit   .   (no helmet)
rElec    .         Reflect  .   (no cloak)
rCorr    .         Harm     .   k - +1 pair of gloves {archery}
MR       +....                  (no boots)
Stlth    ++........             (no amulet)
Regen    0.0/turn               (no ring)
MPRegen  0.1/turn               (no ring)

@: lethally poisoned (-1 -> -1), non-regenerating, drained
A: damage resistance, heal wounds, fire resistance 1, magic resistance 1, sense
surroundings 1, weak 1, evolution 1, no regeneration
a: Heal Wounds


You were on level 4 of the Dungeon.
You were not hungry.

You visited 1 branch of the dungeon, and saw 4 of its levels.

You collected 154 gold pieces.

Inventory:

Hand Weapons
 a - a +2 hand axe (weapon)
Armour
 b - a +0 robe
 e - a +0 leather armour (worn)
 k - a +1 pair of gloves of archery (worn)
Jewellery
 r - a cursed ring of teleportation {unknown}
Scrolls
 g - 3 scrolls of identify
 l - 3 scrolls of remove curse
 m - a scroll of amnesia
 n - 2 scrolls of blinking
 p - a scroll of recharging {unknown}
Potions
 t - a potion of heal wounds
Comestibles
 c - a bread ration
 d - a fruit
 f - 3 meat rations
 h - a chunk of flesh
 q - a royal jelly


   Skills:
 - Level 2.6 Fighting
 + Level 8.5(8.4) Axes
 - Level 3.2 Dodging
 - Level 2.4(2.3) Stealth


You had 5 spell levels left.
You didn't know any spells.

Dungeon Overview and Level Annotations

Branches:
Dungeon (4/15)
 Temple: D:4-7

Altars:
Dithmenos
Hepliaklqana
Okawaru
Qazlal
Yredelemnul

Annotations:
D:4 Duvessa


Innate Abilities, Weirdness & Mutations

You are resistant to damage.
You can heal yourself by infusing magical energy.
You passively map a small area around you.
You do not regenerate.
Your flesh is heat resistant. (rF+)
You are resistant to hostile enchantments. (MR+)
You are weak. (Str -2)
You evolve.


Message History

Duvessa hits you with a short sword.
You barely miss Duvessa.
Duvessa is almost dead.
Duvessa hits you with a short sword!
* * * LOW HITPOINT WARNING * * *
You hit Duvessa but do no damage.
Duvessa is almost dead.
Duvessa hits you with a short sword!
* * * LOW HITPOINT WARNING * * *
Your magical essence is drained by the effort!
You feel much better. Duvessa hits you with a short sword.
Duvessa hits you with a short sword!
* * * LOW HITPOINT WARNING * * *
You closely miss Duvessa.
Duvessa is almost dead.
Duvessa hits you with a short sword.
You hit Duvessa but do no damage.
Duvessa is almost dead.
Duvessa hits you with a short sword. Duvessa hits you with a short sword!
You die...

####....#.#.##....########.#
#. #....#.#.#<#e.(# #.# #.
######.#.#.#..(# #e#####.
#.#.#.#...# #..(()((
#.#.#.#...# ########
#.#.#.#...# #.#.#...#.#
#.#.#####.## ######
#.#....)@e.# **** #....#
#.#######..# *,,, #.##.###.#
#..# *,** ##.##...#.# #.>#
*,* ...####รท#.# ##.# *,*
#### #.#.# #.# *,* #.#.# #.#
*,* #.#.# #.# *,* #.#.# #.#
*,*


You could see Duvessa (berserk).

Vanquished Creatures
  The ghost of Tux the Conjurer, an amateur TeCj (D:3)
  Dowan (D:4)
  2 orc priests
  A bullfrog skeleton (D:4)
  4 orc wizards (D:3)
  A gnoll (D:1)
  2 adders
  A shadow imp (D:3)
  An ooze (D:1)
  An adder skeleton (D:4)
  2 worms
  A dart slug (D:2)
  3 leopard geckos
  11 orcs
  3 giant cockroaches
  4 goblins
  4 hobgoblins
  11 jackals
  7 kobolds
  2 quokkas
  2 ball pythons
  9 bats
  9 frilled lizards
  A leopard gecko skeleton (D:4)
  A quokka skeleton (D:4)
  12 rats
97 creatures vanquished.

Vanquished Creatures (others)
  5 toadstools (D:1)
5 creatures vanquished.

Grand Total: 102 creatures vanquished

Notes
Turn   | Place    | Note
-------+----------+-------------------------------------------
     0 | D:1      | Irenicus the Deep Dwarf Monk began the quest for the Orb.
     0 | D:1      | Reached XP level 1. HP: 20/20 MP: 1/1
    38 | D:1      | Reached skill level 4 in Axes
    38 | D:1      | Reached XP level 2. HP: 21/27 MP: 2/2
   269 | D:1      | Reached XP level 3. HP: 25/33 MP: 3/3
   619 | D:2      | Found an iron altar of Okawaru.
   624 | D:2      | Reached skill level 5 in Axes
   824 | D:2      | Found a stormy altar of Qazlal.
   828 | D:2      | Found a hazy altar of Hepliaklqana.
   833 | D:2      | Found a shadowy altar of Dithmenos.
   884 | D:2      | Found a basalt altar of Yredelemnul.
  1132 | D:2      | Reached XP level 4. HP: 26/40 MP: 3/3
  1258 | D:3      | Gained mutation: Armour fits poorly on your strangely shaped body. [potion of mutation]
  1258 | D:3      | Gained mutation: You are partially covered in rugged brown scales. (AC +1, +3% HP) [potion of mutation]
  1294 | D:3      | Reached skill level 6 in Axes
  1295 | D:3      | Noticed Tux's ghost (amateur TeCj)
  1350 | D:3      | Reached XP level 5. HP: 28/47 MP: 3/3
  1448 | D:3      | Killed Tux's ghost
  1448 | D:3      | Reached skill level 7 in Axes
  1882 | D:3      | Reached XP level 6. HP: 35/56 MP: 3/3
  1889 | D:4      | Noticed Duvessa
  1890 | D:4      | Noticed Dowan
  2123 | D:4      | Reached skill level 8 in Axes
  2374 | D:4      | Lost mutation: Armour fits poorly on your strangely shaped body. [potion of mutation]
  2374 | D:4      | Lost mutation: You are partially covered in rugged brown scales. (AC +1, +3% HP) [potion of mutation]
  2374 | D:4      | Gained mutation: You are resistant to hostile enchantments. (MR+) [potion of mutation]
  2374 | D:4      | Gained mutation: You are weak. (Str -2) [potion of mutation]
  2374 | D:4      | Gained mutation: Your flesh is heat resistant. (rF+) [potion of mutation]
  2374 | D:4      | Gained mutation: You evolve. [potion of mutation]
  2379 | D:4      | HP: 2/55 [Dowan/dagger of venom (3)]
  2393 | D:4      | Killed Dowan
  2402 | D:4      | Slain by Duvessa

Skill      XL: |  1  2  3  4  5  6 |
---------------+-------------------+-----
Axes           | 4 5 6 7 8 |  8.5
Fighting       | |  2.6
Dodging        | |  3.2
Stealth        | |  2.4

Action                   |  1- 3 |  4- 6 || total
-------------------------+-------+-------++-------
Melee: Hand axe          |   129 |   219 ||   348
Throw: Tomahawk          |     6 |    20 ||    26
       Stone             |     3 |       ||     3
 Abil: Heal Wounds       |     1 |    10 ||    11
  Use: Scroll            |     4 |     2 ||     6
       Potion            |     1 |     4 ||     5
 Stab: Sleeping          |     6 |     1 ||     7
  Eat: Chunk             |     1 |     4 ||     5
Armor: Robe              |     5 |       ||     5
       Leather armour    |    13 |    44 ||    57
Dodge: Dodged            |    82 |   135 ||   217
